 Dungeon Crawl Stone Soup version 0.23.0-3-gf3c87f2df8 (webtiles) character file.

Game seed: 4651674844073845099

45 Ivernyr the Insei (level 3, -2/17 HPs)
             Began as a Vine Stalker Transmuter on Feb 22, 2019.
             Slain by a gnoll (5 damage)
             ... on level 2 of the Dungeon.
             The game lasted 00:07:35 (2251 turns).

Ivernyr the Insei (Vine Stalker Transmuter)         Turns: 2251, Time: 00:07:35

Health: -2/17      AC:  2    Str: 12    XL:     3   Next: 64%
Magic:  0/8        EV: 12    Int: 14    God:
Gold:   67         SH:  0    Dex: 14    Spells: 1/7 levels left

rFire    . . .     SeeInvis .     - Unarmed
rCold    + . .     Gourm    .   (no shield)
rNeg     . . .     Faith    .   b - +0 robe
rPois    .         Spirit   +   (no helmet)
rElec    .         Reflect  .   (no cloak)
rCorr    .         Harm     .   (no gloves)
MR       .....                  (no boots)
Stlth    +.........             (no amulet)
HPRegen  0.05/turn              l - ring of protection from cold
MPRegen  0.11/turn              (no ring)

@: no status effects
A: fangs 2, magic shield, antimagic bite, no potion heal 3, rot immunity
a: no special abilities


You were on level 2 of the Dungeon.
You were very hungry.

You visited 1 branch of the dungeon, and saw 2 of its levels.

You collected 67 gold pieces.

Inventory:

Missiles
 a - 27 arrows
Armour
 b - a +0 robe (worn)
Jewellery
 f - an uncursed ring of ice
 l - a ring of protection from cold (left hand)
Scrolls
 e - a scroll of immolation {unknown}
 g - a scroll of fog {unknown}
 h - a scroll of fear {unknown}
 i - a scroll of identify {unknown}
Potions
 j - a potion of heal wounds {unknown}
 k - a potion of brilliance {unknown}
Comestibles
 d - 5 rations


   Skills:
 - Level 0.8 Fighting
 + Level 2.0 Dodging
 + Level 3.3 Unarmed Combat
 + Level 2.6 Spellcasting
 * Level 2.9 Transmutations


You had one spell level left.
You knew the following spells:

 Your Spells              Type           Power        Failure   Level  Hunger
a - Beastly Appendage     Tmut           #.....       7%          1    #......
b - Sticks to Snakes      Tmut           #.......     11%         2    ###....
c - Spider Form           Tmut/Pois      #.........   36%         3    ###....

Your spell library contained the following spells:

 Spells                   Type           Power        Failure   Level  Hunger
 Ice Form                 Ice/Tmut       #.......     77%         4    #####..
 Blade Hands              Tmut           #.........   88%         5    ######.


Dungeon Overview and Level Annotations

Branches:
Dungeon (2/15)

Altars:
Hepliaklqana


Innate Abilities, Weirdness & Mutations

You have extremely sharp teeth.
When hurt, damage is shared between your health and your magic reserves.
Your bite disrupts and absorbs the magic of your enemies.
Potions cannot restore your health.
You are immune to rotting.


Message History

You feel invigorated.
The gnoll is lightly wounded.
The gnoll closely misses you. x2
You barely miss the gnoll. You claw the gnoll.
The gnoll is moderately wounded.
The gnoll hits you from afar with a +0 spear.
The gnoll hits you with a +0 spear.
You barely miss the gnoll. You claw the gnoll, but do no damage.
You bite the gnoll, but do no damage.
The gnoll is moderately wounded.
A gnoll comes into view. It is wielding a +0 club.
The gnoll closely misses you. The gnoll hits you with a +0 spear!
* * * LOW HITPOINT WARNING * * *
Your talons disappear.
The gnoll shouts!
The gnoll misses you. The gnoll closely misses you.
There is an escape hatch in the ceiling here.
The gnoll hits you!
You die...

######## ###.......
......... #.......
######+####.....#
####.#
#...............#
.....#
#.g.......).....#
.......##
#@g.............#
##.###..#
#.......(.......#
#..#
#...g...........#
##+###..# #.#
#...............#
##_+ ...# #.#
#.....g.........#
##+# #..# #.#
#...............# #.#
#..# #.#
#..(............#
##.###..##
#.###..........##.###
.........#
#.##.....#....###.#


You could see 4 gnolls.

Vanquished Creatures
  An ooze (D:2)
  A worm (D:2)
  A dart slug (D:1)
  2 leopard geckos (D:1)
  6 bats
  3 goblins
  6 hobgoblins
  2 ball pythons (D:1)
  2 frilled lizards (D:1)
  4 kobolds
  6 rats
34 creatures vanquished.

Notes
Turn   | Place    | Note
-------+----------+-------------------------------------------
     0 | D:1      | Ivernyr the Vine Stalker Transmuter began the quest for the
                  | Orb.
     0 | D:1      | Reached XP level 1. HP: 9/9 MP: 4/4
   500 | D:1      | Reached XP level 2. HP: 9/14 MP: 3/6
  1001 | D:1      | Reached XP level 3. HP: 16/17 MP: 7/7
  1005 | D:1      | Learned a level 2 spell: Sticks to Snakes
  1009 | D:1      | Learned a level 3 spell: Spider Form
  1748 | D:2      | Found a hazy altar of Hepliaklqana.
  2251 | D:2      | Slain by a gnoll

Skill      XL: |  1  2  3 |
---------------+----------+-----
Dodging        | 2 |  2.0
Fighting       | |  0.8
Unarmed Combat | |  3.3
Spellcasting   | |  2.6
Transmutations | |  2.9

Action                   || total
-------------------------++-------
Melee: Unarmed           ||   115
       Bite              ||    27
       Headbutt          ||     4
       Punch             ||     1
       Kick              ||     5
 Cast: Beastly Appendage ||     5
  Use: Potion            ||     1
 Stab: Sleeping          ||     1
  Eat: Chunk             ||     3
Armor: Robe              ||    19
Dodge: Dodged            ||    72
